 Dungeon Crawl Stone Soup version 0.26.0-10-g1f06aea511 (webtiles) character file.

Game seed: 9213525532958674753

114 Borgoz the Slasher (level 4, 0/38 HPs)
             Began as a Ghoul Gladiator on Jan 18, 2021.
             Slain by Terence
             ... wielding a +1 mace of holy wrath
              (1 damage)
             ... on level 2 of the Dungeon.
             The game lasted 00:01:47 (2328 turns).

Borgoz the Slasher (Ghoul Gladiator)                Turns: 2328, Time: 00:01:48

Health: 0/38       AC:  6    Str: 15 (17) XL:     4   Next: 97%
Magic:  3/3        EV: 12    Int:  0 (3)  God:
Gold:   176        SH:  0    Dex:  9 (11) Spells: 3/3 levels left

rFire    + . .     SeeInvis .   a - +0 long sword
rCold    + . .     Faith    .   (no shield)
rNeg     + + +     Spirit   .   b - +0 leather armour
rPois    ∞         Reflect  .   c - +1 helmet
rElec    .         Harm     .   s - +0 cloak
rCorr    .         Rampage  .   (no gloves)
Will     .....                  (no boots)
Stlth    +.........             (no amulet)
HPRegen  0.00/turn              e - ring of protection from fire
MPRegen  0.08/turn              (no ring)

@: brilliant, slowed, lost intelligence, very slow
A: claws 1, cold resistance 1, negative energy resistance 3, inhibited
regeneration, torment resistance, unbreathing
a: no special abilities


You were on level 2 of the Dungeon.
You visited 1 branch of the dungeon, and saw 3 of its levels.

You collected 176 gold pieces.

Inventory:

Hand Weapons
 a - a +0 long sword (weapon)
Missiles
 d - 2 throwing nets (quivered)
Armour
 b - a +0 leather armour (worn)
 c - a +1 helmet (worn)
 s - a +0 cloak (worn)
Jewellery
 e - a ring of protection from fire (left claw)
Potions
 f - a potion of flight


   Skills:
 + Level 3.1 Fighting
 * Level 3.7 Long Blades
 - Level 1.7 Throwing
 + Level 1.5 Armour
 + Level 3.2 Dodging


You had 3 spell levels left.
You didn't know any spells.
Your spell library was empty.

Dungeon Overview and Level Annotations

Branches:
Dungeon (3/15)

Altars:
Makhleb
Zin

Annotations:
D:2 Terence
D:3 Robin


Innate Abilities, Weirdness & Mutations

You thrive by killing the living.
You are immune to poison.
You have sharp fingernails.
Your flesh is cold resistant. (rC+)
You are immune to negative energy. (rN+++)
You do not regenerate when monsters are visible.
You are immune to unholy pain and torment.
You can survive without breathing.


Message History

* * * LOW HITPOINT WARNING * * *
The hobgoblin hits you but does no damage.
You can move again.
It was a potion of brilliance.
You feel clever all of a sudden.
Terence hits you with a +1 mace of holy wrath.
* * * LOW HITPOINT WARNING * * *
You convulse.
* * * LOW HITPOINT WARNING * * *
The hobgoblin hits you but does no damage.
The hobgoblin hits you with a +0 club.
* * * LOW HITPOINT WARNING * * *
You aren't carrying any scrolls.
Unknown command.
You barely miss the hobgoblin. Terence hits you but does no damage.
The hobgoblin misses you.
You riposte.
You closely miss the hobgoblin. The hobgoblin barely misses you.
The hobgoblin hits you but does no damage.
Terence hits you with a +1 mace of holy wrath.
You die...

......##.#.#.........#
########.#.#.........#
## #####.#.##.##+#####
<# #.......##..#.# .#
#.###.#####.#.# )#
#...#....##.#.# .#
###.####.##...# .# #.#
#.###@g# ## #.#
#....g@# ######.#
######## ..#....#
#.#.#### #.#.#.#
#.#.#.# #.....#
....#.# #####.#


You could see Terence and 2 hobgoblins.

Vanquished Creatures
  Crazy Yiuf (D:2)
  4 adders (D:2)
  2 worms (D:2)
  An adder skeleton (D:2)
  A leopard gecko (D:1)
  2 giant cockroaches (D:1)
  8 goblins
  6 hobgoblins (D:1)
  8 kobolds
  4 bats (D:1)
  3 rats
40 creatures vanquished.

Notes
Turn   | Place    | Note
-------+----------+-------------------------------------------
     0 | D:1      | Borgoz the Ghoul Gladiator began the quest for the Orb.
     0 | D:1      | Reached XP level 1. HP: 17/17 MP: 0/0
   209 | D:1      | Reached XP level 2. HP: 25/25 MP: 1/1
   584 | D:1      | Reached XP level 3. HP: 26/30 MP: 2/2
   926 | D:2      | Reached skill level 1 in Armour
  1372 | D:2      | Reached XP level 4. HP: 37/37 MP: 3/3
  1418 | D:2      | Found a glowing silver altar of Zin.
  1612 | D:2      | Found a runed translucent door.
  1613 | D:2      | Noticed Crazy Yiuf
  1893 | D:2      | Found a burning altar of Makhleb.
  1893 | D:2      | Noticed a blizzard demon
  1896 | D:2      | Noticed a neqoxec
  1896 | D:2      | Noticed an orange demon
  2029 | D:2      | Killed Crazy Yiuf
  2317 | D:3      | Noticed Terence
  2319 | D:3      | Noticed Robin
  2324 | D:2      | Lost intelligence.
  2327 | D:2      | HP: 1/38 [hobgoblin/+0 club[Robin] (1)]
  2328 | D:2      | Slain by Terence

Illustrated notes

Levels and vault maps discovered:
D:1:      lemuel_arrival_cross, layout_basic, minmay_tromino_v4_a
D:2:      layout_basic, makhleb_altar_promises_db, zin_scriptorium,
          amethyst_killhole, kennysheep_generic_room_14, uniq_crazy_yiuf_cottage
D:3:      layout_loops_ring, elyvilon_altar_3, uniq_robin, uniq_terence

Skill      XL: |  1  2  3  4 |
---------------+-------------+-----
Long Blades    | 3 |  3.7
Armour         | 1 |  1.5
Dodging        | 3 |  3.2
Fighting       | 3 |  3.1
Throwing       | |  1.7

Action                   |  1- 3 |  4- 6 || total
-------------------------+-------+-------++-------
Melee: Long sword        |    90 |    25 ||   115
Throw: Throwing net      |     1 |     3 ||     4
  Use: Scroll            |       |     9 ||     9
       Potion            |       |     2 ||     2
 Stab: Sleeping          |     1 |       ||     1
       Held in net/web   |       |     1 ||     1
Armor: Leather armour    |    32 |    14 ||    46
Dodge: Dodged            |    73 |    17 ||    90
       Rpst.: Long sword |    22 |     2 ||    24
